 Dungeon Crawl Stone Soup version 0.26-a0-490-gf8362a0 (webtiles) character file.

Game seed: 9659629229870711011

108 BeowulfAlex the Changer (level 4, -4/30 HPs)
             Began as an Octopode Transmuter on Aug 4, 2020.
             Killed from afar by Natasha (8 damage)
             ... with a magic dart
             ... on level 2 of the Dungeon.
             The game lasted 00:04:12 (2001 turns).

BeowulfAlex the Changer (Octopode Transmuter)       Turns: 2001, Time: 00:04:13

Health: -4/30      AC:  2    Str:  9    XL:     4   Next: 87%
Magic:  2/7        EV: 19    Int: 16    God:
Gold:   45         SH:  0    Dex: 17    Spells: 3/7 levels left

rFire    . . .     SeeInvis .     - Unarmed
rCold    . . .     Faith    .   (shield currently unavailable)
rNeg     . . .     Spirit   .   (helmet currently unavailable)
rPois    x         Reflect  .   (no amulet)
rElec    .         Harm     .   (no ring)
rCorr    .                      (no ring)
MR       .....                  (no ring)
Stlth    ++........             (no ring)
HPRegen  0.10/turn              (no ring)
MPRegen  0.10/turn              (no ring)
                                (no ring)
                                (no ring)

@: spider-form
A: tiny, almost no armour, stealthy swim, (amphibious), 8 rings, (constrict 8)
a: End Transformation


You were on level 2 of the Dungeon.
You were a venomous arachnid creature.
You visited 1 branch of the dungeon, and saw 2 of its levels.

You collected 45 gold pieces.

Inventory:

Hand Weapons
 b - a cursed -3 whip (melded)
Missiles
 d - 73 stones (quivered)
Armour
 a - a +0 buckler
Scrolls
 e - a scroll of blinking {unknown}
 g - a scroll of teleportation
 i - a scroll of random uselessness {unknown}
 j - a scroll of magic mapping {unknown}
 k - a scroll of identify {unknown}
Potions
 c - a potion of lignification {unknown}
 f - 2 potions of curing {unknown}
 h - a potion of cancellation {unknown}


   Skills:
 + Level 2.5 Fighting
 - Level 2.0 Dodging
 - Level 3.1 Unarmed Combat
 - Level 2.0 Spellcasting
 * Level 4.1 Transmutations


You had 3 spell levels left.
You knew the following spells:

 Your Spells              Type           Power        Failure   Level
a - Beastly Appendage     Tmut           ##....       12%         1
b - Spider Form           Tmut/Pois      #.........   47%         3

Your spell library contained the following spells:

 Spells                   Type           Power        Failure   Level
 Wereblood                Tmut           ##......     17%         2
 Ice Form                 Ice/Tmut       #.......     83%         4
 Blade Hands              Tmut           ##........   87%         5


Dungeon Overview and Level Annotations

Branches:
Dungeon (2/15)

Altars:

Annotations:
D:2 Natasha


Innate Abilities, Weirdness & Mutations

You cannot wear most types of armour.
You are very stealthy in the water. (Stealth+)
((You are amphibious.))
You can wear up to eight rings at the same time.
((You can use your tentacles to constrict eight enemies at once.))
((Your skin changes colour to match your surroundings (Stealth+).))
((Your rubbery body absorbs attacks. (AC +1, EV +1)))


Message History

You hit the white imp.
The white imp is almost dead.
The white imp gestures at you. The puff of frost hits you.
* * * LOW HITPOINT WARNING * * *
Your magical contamination has completely faded away.
You aren't carrying any items that you can evoke.
Unknown command.
You hit the white imp but do no damage.
The white imp is poisoned.
The white imp is almost dead.
You kill the white imp!
Natasha completely misses you.
You hit Natasha but do no damage.
Natasha is poisoned.
Natasha closely misses you.
You hit Natasha.
Natasha looks as sick as possible!
Natasha is lightly wounded.
The white imp lashes its tail.
Natasha stares at you and mumbles some strange words.
The magic dart hits you!
You die...

... ..# . #.# .. #.####...
#......# ..#.#.h#. ## ..........
..
.<#...##.########################
....h...>....55hs................
#.....######################.....
....#.###........# #.....
....'...'........# #.....
....#.###........# #..... ....#.#
#........# #..... ....#.#
#........# #..... ....#.#
#........# #..... ....#.#
#........# ######


You could see Natasha (extremely poisoned), a crimson imp (summoned) and a white
imp (summoned).

Vanquished Creatures
  Natasha (D:2)
  Robin (D:2)
  A gnoll (D:1)
  An adder (D:2)
  An ooze (D:2)
  2 dart slugs (D:2)
  A leopard gecko (D:1)
  2 ball pythons (D:1)
  4 giant cockroaches
  8 goblins
  8 hobgoblins
  4 kobolds
  3 bats (D:1)
  4 frilled lizards (D:1)
  4 rats
45 creatures vanquished.

Notes
Turn   | Place    | Note
-------+----------+-------------------------------------------
     0 | D:1      | BeowulfAlex the Octopode Transmuter began the quest for the
                  | Orb.
     0 | D:1      | Reached XP level 1. HP: 13/13 MP: 3/3
   115 | D:1      | Reached XP level 2. HP: 16/18 MP: 3/5
   810 | D:1      | Reached skill level 3 in Transmutations
   810 | D:1      | Reached XP level 3. HP: 15/24 MP: 4/6
  1405 | D:2      | Reached XP level 4. HP: 27/29 MP: 5/7
  1426 | D:1      | Learned a level 3 spell: Spider Form
  1520 | D:2      | Noticed Robin
  1527 | D:2      | Killed Robin
  1882 | D:2      | Noticed Natasha
  1895 | D:2      | Killed Natasha
  1895 | D:2      | Reached skill level 4 in Transmutations
  1946 | D:2      | Noticed Natasha
  2001 | D:2      | Killed from afar by Natasha

Illustrated notes

Levels and vault maps discovered:
D:1:      lightli_arrival_noodles, layout_rooms
D:2:      layout_basic, nicolae_overflow_crystal_walls, uniq_natasha, uniq_robin

Skill      XL: |  1  2  3  4 |
---------------+-------------+-----
Transmutations | 3 4 |  4.1
Fighting       | 2 |  2.5
Dodging        | |  2.0
Unarmed Combat | |  3.1
Spellcasting   | |  2.0

Action                   |  1- 3 |  4- 6 || total
-------------------------+-------+-------++-------
Melee: Unarmed           |    15 |    14 ||    29
       Kick              |    20 |    10 ||    30
       Constrict         |    23 |     8 ||    31
       Tentacles         |    16 |     5 ||    21
       Whip              |    70 |    31 ||   101
       Punch             |     1 |     2 ||     3
Throw: Stone             |    12 |     2 ||    14
 Cast: Beastly Appendage |    21 |     6 ||    27
       Spider Form       |       |     2 ||     2
  Use: Scroll            |     1 |       ||     1
 Stab: Sleeping          |     4 |       ||     4
Armor: Skin              |     9 |     2 ||    11
Dodge: Dodged            |    54 |    31 ||    85

Table legend: (Time is in decaauts)
 A = Elapsed time spent in this place.
 B = Non-inter-level travel time spent in this place.
 C = Inter-level travel time spent in this place.
 D = Time resting spent in this place.
 E = Time spent auto-exploring this place.
 F = Levels seen in this place.
 G = Mean time per level.
                   A        B        C        D        E       F      G
               +--------+--------+--------+--------+--------+-----+--------+
         Total |   2011 |   1999 |     12 |     44 |   1541 |   2 | 1005.5 |
       Dungeon |   2011 |   1999 |     12 |     44 |   1541 |   2 | 1005.5 |
               +--------+--------+--------+--------+--------+-----+--------+

Top non-repeatable levels by time:
     D:1: 1088 daAuts
     D:2: 922 daAuts
